 Dungeon Crawl Stone Soup version 0.26.1-11-gd32895ea62 (webtiles) character file.

Game seed: 5468022076057735003

162626 Almogavar the Warrior (level 17, 0/171 HPs)
             Began as a Minotaur Berserker on May 23, 2021.
             Was a High Priest of Trog.
             Hit by a silver javelin thrown by a merfolk javelineer (22 damage)
             ... on level 3 of the Shoals.
             The game lasted 02:11:39 (42901 turns).

Almogavar the Warrior (Minotaur Berserker)         Turns: 42901, Time: 02:11:39

Health: 0/171      AC: 19    Str: 29    XL:     17   Next: 22%
Magic:  3/16       EV: 17    Int:  6    God:    Trog [*****.]
Gold:   1847       SH: 13    Dex: 10    Spells: 16/16 levels left

rFire    . . .     SeeInvis .   a - +4 falchion (vorpal)
rCold    + + .     Faith    .   K - +2 buckler
rNeg     + + .     Spirit   .   D - +4 ring mail {rC+}
rPois    .         Reflect  +   I - +0 hat
rElec    +         Harm     .   x - scarf {+Inv}
rCorr    .         Rampage  .   G - +0 pair of gloves
Will     ++...                  u - +0 pair of boots
Stlth    ++........             t - amulet "Urow" {Reflect rElec rN+ Will+ Int+2 SH+5}
HPRegen  0.38/turn              J - +4 ring of protection
MPRegen  0.15/turn              M - ring "Qiclyb" {rC+ rN+}

@: no status effects
A: retaliatory headbutt, horns 2
a: Renounce Religion, Evoke Invisibility, Berserk, Trog's Hand, Brothers in Arms


You were on level 3 of the Shoals.
You worshipped Trog.
Trog was extremely pleased with you.
You visited 4 branches of the dungeon, and saw 26 of its levels.
You also visited: Sewer and Ice Cave.

You collected 3045 gold pieces.
You spent 1198 gold pieces at shops.

Inventory:

Hand Weapons
 a - a +4 vorpal falchion (weapon)
 w - a +0 hunting sling of freezing
 H - the +11 trident "Deynn" {vorpal, rElec Dex+5 Stlth-}
   (You found it on level 6 of the Dungeon)

   It inflicts extra damage upon your enemies.
   It affects your dexterity (+5).
   It insulates you from electricity.
   It makes you less stealthy.
 S - a +3 antimagic scimitar
 T - a +2 scimitar of flaming
Missiles
 c - 1050 stones
 A - 150 sling bullets
Armour
 u - a +0 pair of boots (worn)
 x - a scarf of invisibility (worn)
 D - a +4 ring mail of cold resistance (worn)
 G - a +0 pair of gloves (worn)
 I - a +0 hat (worn)
 K - a +2 buckler (worn)
 W - a +4 chain mail of willpower
Jewellery
 e - an uncursed ring of see invisible
 l - a +4 ring of slaying
 m - an uncursed ring of resist corrosion
 t - the amulet "Urow" (around neck) {Reflect rElec rN+ Will+ Int+2 SH+5}
   (You bought it in a shop on level 10 of the Dungeon)

   [amulet of reflection]

   It shields you and reflects attacks.
   It affects your intelligence (+2).
   It insulates you from electricity.
   It protects you from negative energy.
   It affects your willpower, your defense against some magical effects.
   It affects your SH (+5).
 y - an uncursed ring of stealth
 J - a +4 ring of protection (left hand)
 M - the ring "Qiclyb" (right hand) {rC+ rN+}
   (You found it on level 15 of the Dungeon)

   [ring of protection from cold]

   It protects you from cold.
   It protects you from negative energy.
 O - the ring of Beogh's Wrath {rElec rF+ Str+4 Int+6}
   (You acquired it on level 5 of the Lair of Beasts)

   [ring of intelligence]

   It affects your strength (+4).
   It affects your intelligence (+6).
   It protects you from fire.
   It insulates you from electricity.
 Q - an uncursed ring of willpower
 R - an uncursed ring of flight
Wands
 p - a wand of flame (70)
 z - a wand of acid (17)
 B - a wand of digging (8)
 N - a wand of polymorph (7)
 P - a wand of iceblast (17)
Scrolls
 b - 5 scrolls of enchant weapon
 d - 6 scrolls of blinking
 f - 11 scrolls of identify
 g - 17 scrolls of teleportation
 h - 5 scrolls of fog
 j - 5 scrolls of fear
 q - 5 scrolls of enchant armour
 s - 9 scrolls of remove curse
 E - a scroll of silence
 V - a scroll of magic mapping
 Z - a scroll of brand weapon
Potions
 i - 15 potions of curing
 k - 7 potions of haste
 o - 5 potions of might
 r - 4 potions of cancellation
 v - 5 potions of magic
 L - 2 potions of heal wounds
 U - 2 potions of ambrosia
 Y - a potion of resistance
Miscellaneous
 n - a condenser vane
 C - a lightning rod (4/4)
 F - a phial of floods


   Skills:
 + Level 20.5 Fighting
 - Level 14.3 Long Blades
 + Level 5.8 Slings
 - Level 15.3 Armour
 + Level 13.3 Dodging
 + Level 4.9 Stealth
 - Level 12.1 Shields
 * Level 6.7 Evocations


You had 16 spell levels left.
You didn't know any spells.
Your spell library was empty.

Dungeon Overview and Level Annotations

Branches:
Dungeon (15/15)            Temple (0/1) D:6            Lair (6/6) D:9
 Shoals (3/4) Lair:4        Snake (0/4) Lair:2        Slime (0/5) Lair:6
    Orc (2/2) D:9             Elf (0/3) Orc:2        Vaults (0/5) D:14
 Depths (0/5) D:15          Sewer (visited)           IceCv (visited)

Altars:
Dithmenos
Elyvilon
Fedhas
Kikubaaqudgha
Makhleb
Okawaru
Sif Muna
Wu Jian
Jiyva

Shops:
D:10 =   D:15 *   Orc:2 :}:}   Shoals:1 [

Portals:
Hell: Lair:6

Annotations:
Shoals:2 Polyphemus


Innate Abilities, Weirdness & Mutations

You reflexively headbutt those who attack you in melee.
You have a pair of horns on your head.


Message History

a stone; a scroll of remove curse The merfolk javelineer throws a silver javelin.
The silver javelin pierces through you!
You see here a stone.
You are too injured to fight recklessly!
You are too injured to fight recklessly!
You are too injured to fight recklessly!
Unknown command.
The merfolk javelineer throws a silver javelin.
The silver javelin pierces through you!
You hit the merfolk javelineer.
The merfolk javelineer is lightly wounded.
The merfolk javelineer throws a silver javelin.
The silver javelin pierces through you!!
* * * LOW HITPOINT WARNING * * *
x2 You barely miss the merfolk javelineer.
The merfolk javelineer is lightly wounded.
The merfolk javelineer throws a silver javelin.
The silver javelin pierces through you!!
You die...

≈≈≈≈≈≈≈≈≈≈PPP.##...≈≈..###....≈≈≈
≈≈≈≈≈≈≈≈≈≈PP......≈≈≈.## *#.##.≈≈
≈≈≈≈≈≈≈≈≈≈P≈P....≈(≈..# *##*.≈≈
≈≈≈≈≈≈≈≈≈(≈≈≈≈≈≈≈≈≈≈.(# **.≈
≈≈≈≈≈≈≈≈≈≈≈(≈≈≈(≈≈≈≈..# *,,
≈≈≈≈≈≈≈≈≈≈≈≈≈(≈...≈≈..### **,
≈≈≈≈≈≈≈≈≈≈≈≈≈P).(..≈≈...#*** *,
≈≈≈≈≈≈≈≈≈≈≈≈P)..#(..≈≈...,,*****,
≈≈≈≈≈≈≈≈≈≈P≈≈PP)@.(≈≈..≈≈,,,,,,,,
≈≈≈≈≈≈≈≈P≈≈≈≈≈≈mPP(≈.....,,***,,,
≈≈≈≈≈≈≈≈≈≈≈$≈≈≈..........,,***,≈≈
≈≈≈≈≈≈≈≈≈≈≈≈≈≈....≈.#####,,,,,,≈≈
≈≈≈≈≈≈≈≈≈≈≈.≈≈.PPPP.# *,,,,,≈≈≈
≈≈≈≈≈≈≈≈≈≈≈≈≈.P.#...#****,,,,,≈≈≈
≈≈≈≈≈≈≈≈≈≈≈≈≈≈....P..,,,,,,,,,≈≈≈
≈≈≈≈≈≈≈≈≈≈≈≈≈≈≈≈≈PP...,,,,,,**,≈≈
≈≈≈≈≈≈≈≈≈≈≈≈≈≈≈≈≈≈≈≈≈≈≈≈≈≈≈,,,,,,


You could see a merfolk javelineer.

Vanquished Creatures
  Rupert (Lair:4)
  A kraken (Shoals:1)
  A frost giant (D:15)
  A stone giant (D:13)
  Azrael (D:15)
  A dire elephant (Lair:6)
  2 blizzard demons (IceCv)
  7 merfolk impalers
  2 merfolk javelineers
  4 ettins
  A yaktaur captain (D:13)
  Harold (D:7)
  2 great orbs of eyes (D:13)
  4 vault guards
  12 hydras
  2 boulder beetles
  The ghost of Almogavar the Eclecticist, a journeyman DECj of Sif Muna (Lair:2)
  4 centaur warriors
  Erica (Lair:1)
  A merfolk aquamancer (Shoals:1)
  15 death yaks
  4 ogre magi
  An alligator snapping turtle (Shoals:1)
  22 two-headed ogres
  A deep troll earth mage (D:15)
  A sun demon (Lair:6)
  A fire crab (Lair:2)
  3 skeletal warriors (D:15)
  6 sea snakes (Shoals:1)
  A wizard (Lair:6)
  An unseen horror (D:14)
  A flayed ghost (D:15)
  A spectral hydra (Lair:2)
  A glowing orange brain (shapeshifter) (D:13)
  An orc knight (Orc:2)
  8 harpies
  An orc sorcerer (Orc:1)
  An oklob plant (Lair:4)
  9 ugly things
  2 deep elf magi
  8 cyclopes
  8 manticores
  10 fauns (Shoals:2)
  Joseph (D:8)
  2 ice statues (IceCv)
  3 water nymphs
  2 black mambas
  3 merfolk sirens (Shoals:2)
  13 elephants
  3 torpor snails
  A smoke demon (Lair:6)
  A gargoyle (D:12)
  3 centaur skeletons
  2 orange demons (Lair:6)
  Maggie (D:9)
  14 cane toads
  An anaconda simulacrum (IceCv)
  A kobold demonologist (D:15)
  6 rime drakes
  2 efreet (D:13)
  8 komodo dragons
  A yaktaur (D:15)
  11 ice devils (IceCv)
  3 trolls
  22 merfolk
  A harpy skeleton (D:15)
  2 hornets
  Prince Ribbit (D:8)
  4 wind drakes
  7 slime creatures
  6 dream sheep
  17 blink frogs
  3 snapping turtles
  3 wraiths
  2 shadows (D:14)
  A vampire (D:14)
  Sigmund (D:6)
  2 dire elephant simulacra (IceCv)
  4 wyverns
  A wyvern (shapeshifter) (D:15)
  4 water elementals
  4 basilisks
  42 yaks
  2 death yak simulacra (Lair:2)
  2 fire elementals (D:15)
  9 vampire mosquitoes
  3 harpy simulacra (IceCv)
  3 iron troll simulacra (IceCv)
  6 nagas (Lair:2)
  6 wargs
  Menkaure (D:6)
  A soldier ant (D:11)
  6 hell hounds
  16 water moccasins
  2 hydra simulacra
  A spectral torpor snail (Lair:2)
  7 sky beasts
  4 black bears
  17 orc warriors
  An ice beast (D:8)
  2 necrophages
  2 eyes of draining
  41 ogres
  A wolf (Lair:5)
  15 centaurs
  20 bullfrogs
  6 big kobolds
  2 gnoll sergeants
  2 scorpions
  10 killer bees
  23 wights
  14 electric eels
  A torpor snail simulacrum (Lair:2)
  7 howler monkeys
  9 jellies
  4 centaur zombies
  6 hounds
  12 orc wizards
  3 bullfrog skeletons (D:5)
  16 orc priests
  4 gnoll shamans
  2 iguanas (D:5)
  Jessica (D:2)
  Ijyb (D:5)
  A spectral orc (Orc:2)
  5 worker ants
  Natasha (thrice) (D:2)
  A hound skeleton (D:7)
  3 worker ant zombies
  19 gnolls
  A howler monkey skeleton (D:10)
  13 adders
  A shadow imp (D:8)
  4 white imps
  4 ufetubi
  3 oozes
  An adder skeleton (D:8)
  3 worms
  2 dart slugs
  7 leopard geckos
  102 orcs
  2 orc simulacra (Orc:2)
  2 bat zombies (D:2)
  7 giant cockroaches
  7 goblins
  11 hobgoblins
  16 jackals
  4 quokkas
  12 bats
  9 frilled lizards
  A jackal skeleton (D:2)
  24 kobolds
  4 leopard gecko skeletons
  A quokka skeleton (D:2)
  8 rats
  2 tentacles (Shoals:1)
940 creatures vanquished.

Vanquished Creatures (collateral kills)
  The ghost of knorpule3000 the Frost Mage, a journeyman KoSu of Gozag (Orc:2)
  A merfolk avatar (Shoals:2)
  2 death yaks (Lair:5)
  A sea snake (Shoals:1)
  3 harpies (Shoals:2)
  A manticore (Shoals:1)
  A water nymph (Shoals:1)
  An orange demon (Lair:6)
  An ice devil (Lair:6)
  A red devil (Lair:6)
  2 merfolk (Shoals:3)
  A snapping turtle (Shoals:2)
  3 yaks (Lair:5)
  2 hell hounds (Lair:6)
  A boulder beetle simulacrum (Lair:2)
  2 wolves (Lair:5)
  A bullfrog (Lair:5)
  A spectral ogre (Orc:2)
  2 spectral orcs (Orc:2)
  An ogre simulacrum (Orc:2)
29 creatures vanquished.

Vanquished Creatures (others)
  A bullfrog skeleton (D:13)
  43 fungi
  112 plants
  6 tentacles (Shoals:1)
  4 withered plants (D:2)
166 creatures vanquished.

Grand Total: 1135 creatures vanquished

Notes
Turn   | Place    | Note
-------+----------+-------------------------------------------
     0 | D:1      | Almogavar the Minotaur Berserker began the quest for the
                  | Orb.
     0 | D:1      | Reached XP level 1. HP: 19/19 MP: 0/0
   583 | D:1      | Reached skill level 4 in Fighting
   583 | D:1      | Reached XP level 2. HP: 27/27 MP: 1/1
  1730 | D:2      | Reached XP level 3. HP: 34/34 MP: 2/2
  1869 | D:2      | Noticed Natasha
  1871 | D:2      | Noticed Jessica
  1873 | D:2      | Killed Natasha
  1873 | D:2      | Reached ** piety under Trog
  1874 | D:2      | Reached XP level 4. HP: 41/41 MP: 3/3
  1877 | D:2      | Killed Jessica
  1878 | D:2      | Reached skill level 5 in Fighting
  1908 | D:2      | Noticed Natasha
  1926 | D:2      | Killed Natasha
  2360 | D:2      | Noticed Natasha
  2361 | D:2      | Killed Natasha
  2362 | D:2      | Reached skill level 5 in Long Blades
  2362 | D:2      | Reached XP level 5. HP: 48/48 MP: 4/4
  3020 | D:3      | Reached *** piety under Trog
  3045 | D:3      | Reached XP level 6. HP: 56/56 MP: 5/5
  4359 | D:5      | Entered Level 5 of the Dungeon
  4590 | D:5      | Reached skill level 1 in Shields
  4590 | D:5      | Reached XP level 7. HP: 53/62 MP: 6/6
  4764 | D:5      | Reached **** piety under Trog
  4965 | D:5      | Noticed Ijyb
  4976 | D:5      | Killed Ijyb
  5096 | D:5      | Found a blossoming altar of Fedhas.
  5203 | D:5      | Reached skill level 1 in Stealth
  5421 | D:5      | Reached skill level 5 in Armour
  5474 | D:5      | Reached skill level 6 in Fighting
  5765 | D:6      | Found an ornate altar of the Wu Jian Council.
  5802 | D:6      | Reached XP level 8. HP: 64/70 MP: 7/7
  5963 | D:6      | Found a staircase to the Ecumenical Temple.
  5993 | D:6      | Found a glowing drain.
  6007 | Sewer    | Entered a sewer
  6369 | Sewer    | Found a glowing silver altar of Zin.
  6706 | D:6      | Reached skill level 7 in Fighting
  7020 | D:6      | Noticed Menkaure
  7027 | D:6      | Killed Menkaure
  7028 | D:6      | Reached XP level 9. HP: 33/79 MP: 8/8
  7358 | D:6      | Noticed Sigmund
  7373 | D:6      | Killed Sigmund
  7374 | D:6      | Reached skill level 10 in Long Blades
  7442 | D:6      | Got an ichor-stained trident
  7443 | D:6      | Identified the +11 trident "Deynn" {vorpal, rElec Dex+5
                  | Stlth-} (You found it on level 6 of the Dungeon)
  7667 | D:6      | Found an iron altar of Okawaru.
  7755 | D:7      | Reached ***** piety under Trog
  7902 | D:7      | Noticed Harold
  7919 | D:7      | Killed Harold
  7920 | D:7      | Reached skill level 8 in Fighting
  7920 | D:7      | Reached skill level 5 in Dodging
  8430 | D:7      | Reached XP level 10. HP: 75/90 MP: 9/9
  9134 | D:7      | Reached skill level 9 in Fighting
  9225 | D:7      | Found a burning altar of Makhleb.
  9598 | D:8      | Reached skill level 5 in Shields
  9746 | D:8      | Noticed Joseph
  9761 | D:8      | Killed Joseph
  9958 | D:8      | Noticed Prince Ribbit
  9967 | D:8      | Killed Prince Ribbit
 10258 | D:9      | Found a staircase to the Orcish Mines.
 10301 | D:9      | Reached skill level 10 in Fighting
 10526 | D:9      | Received a gift from Trog
 10575 | D:9      | Found a staircase to the Lair.
 10575 | D:9      | Noticed an elephant
 10586 | D:9      | Killed an elephant
 10643 | D:9      | Reached XP level 11. HP: 61/100 MP: 3/10
 11381 | D:9      | Noticed Maggie
 11396 | D:9      | Killed Maggie
 11931 | D:9      | Noticed a cyan ugly thing
 11947 | D:9      | Killed a cyan ugly thing
 12184 | Orc:1    | Entered Level 1 of the Orcish Mines
 12455 | Orc:2    | Entered Level 2 of the Orcish Mines
 12502 | Orc:2    | Noticed an orc sorcerer
 12522 | Orc:1    | Killed an orc sorcerer
 12524 | Orc:2    | Noticed a two-headed ogre
 12533 | Orc:2    | Killed a two-headed ogre
 12537 | Orc:2    | Noticed a two-headed ogre
 12537 | Orc:2    | Noticed an ogre mage
 12538 | Orc:2    | Noticed a two-headed ogre
 12726 | Orc:1    | Killed a two-headed ogre
 13011 | Orc:1    | Killed a two-headed ogre
 13012 | Orc:1    | Reached skill level 11 in Fighting
 13144 | Orc:2    | Killed an ogre mage
 13146 | Orc:2    | Noticed an ettin
 13148 | Orc:2    | Noticed a two-headed ogre
 13153 | Orc:2    | Noticed a two-headed ogre
 13167 | Orc:1    | Killed an ettin
 13521 | Orc:2    | Killed a two-headed ogre
 13534 | Orc:2    | Noticed a two-headed ogre
 13545 | Orc:2    | Killed a two-headed ogre
 13546 | Orc:2    | Reached skill level 10 in Armour
 13546 | Orc:2    | Reached XP level 12. HP: 59/112 MP: 3/11
 13549 | Orc:2    | Killed a two-headed ogre
 13550 | Orc:2    | Reached skill level 12 in Fighting
 13553 | Orc:2    | Received a gift from Trog
 13557 | Orc:2    | Noticed an ogre mage
 13559 | Orc:2    | Noticed an ogre mage
 13560 | Orc:2    | Paralysed by an ogre mage for 3 turns
 13830 | Orc:2    | Noticed a two-headed ogre
 13830 | Orc:2    | Noticed a two-headed ogre
 13834 | Orc:2    | Noticed a two-headed ogre
 13839 | Orc:1    | Killed an ogre mage
 13887 | Orc:2    | Noticed a two-headed ogre
 13888 | Orc:2    | Killed a two-headed ogre
 13894 | Orc:1    | Killed a two-headed ogre
 13998 | Orc:1    | Killed a two-headed ogre
 13999 | Orc:1    | Killed an ogre mage
 14318 | Orc:2    | Noticed an ogre mage
 14324 | Orc:1    | Killed a two-headed ogre
 14325 | Orc:1    | Reached skill level 13 in Fighting
 14545 | Orc:2    | Noticed a two-headed ogre
 14545 | Orc:2    | Noticed a two-headed ogre
 14553 | Orc:2    | Noticed a two-headed ogre
 14558 | Orc:1    | Killed a two-headed ogre
 14723 | Orc:1    | Killed a two-headed ogre
 14727 | Orc:1    | Killed a two-headed ogre
 14856 | Orc:2    | Killed an ogre mage
 14857 | Orc:2    | Reached skill level 1 in Evocations
 14891 | Orc:2    | Noticed a two-headed ogre
 14899 | Orc:2    | Killed a two-headed ogre
 15135 | Orc:2    | Noticed a two-headed ogre
 15145 | Orc:2    | Killed a two-headed ogre
 15146 | Orc:2    | Reached XP level 13. HP: 81/123 MP: 4/12
 15174 | Orc:2    | Reached skill level 14 in Fighting
 15448 | Orc:2    | Found Deoni's Book Emporium.
 15448 | Orc:2    | Found Qeobut's Book Shop.
 15449 | Orc:2    | Found Ette's Gadget Shop.
 15449 | Orc:2    | Found Jifaythro's Gadget Shoppe.
 15459 | Orc:2    | Bought a condenser vane for 560 gold pieces
 15472 | Orc:2    | Found a staircase to the Elven Halls.
 15721 | Orc:2    | Found a runed translucent gate.
 15721 | Orc:2    | Found a runed translucent gate.
 15721 | Orc:2    | Found a runed translucent gate.
 15721 | Orc:2    | Noticed knorpule3000's ghost (journeyman KoSu)
 15738 | Orc:2    | Killed knorpule3000's ghost
 15798 | Orc:1    | Noticed an ettin
 15809 | Orc:1    | Killed an ettin
 16089 | Lair:1   | Entered Level 1 of the Lair of Beasts
 16811 | Lair:1   | Reached skill level 10 in Dodging
 17089 | Lair:1   | Noticed Erica
 17101 | Lair:1   | Killed Erica
 17270 | Lair:2   | Found a white marble altar of Elyvilon.
 17460 | Lair:2   | Reached skill level 15 in Fighting
 17577 | Lair:2   | Received a gift from Trog
 18464 | Lair:2   | Found a runed translucent gate.
 18465 | Lair:2   | Found a runed translucent gate.
 18466 | Lair:2   | Found a runed translucent gate.
 18717 | Lair:2   | Found a staircase to the Snake Pit.
 18917 | Lair:2   | Noticed Almogavar's ghost (journeyman DECj)
 18939 | Lair:2   | Killed Almogavar's ghost
 19950 | Lair:3   | Reached XP level 14. HP: 136/136 MP: 4/13
 20200 | Lair:3   | Reached skill level 16 in Fighting
 20552 | Lair:4   | Found an ancient bone altar of Kikubaaqudgha.
 20921 | Lair:4   | Noticed Rupert
 20941 | Lair:4   | Killed Rupert
 21091 | Lair:4   | Found a staircase to the Shoals.
 21524 | Lair:4   | Received a gift from Trog
 22301 | Lair:5   | Identified a scroll of acquirement
 22301 | Lair:5   | Acquired the ring of Beogh's Wrath {rElec rF+ Str+4 Int+6}
 23117 | Lair:6   | Entered Level 6 of the Lair of Beasts
 23200 | Lair:6   | Reached skill level 17 in Fighting
 23242 | Lair:6   | Found a viscous altar of Jiyva.
 23242 | Lair:6   | Found a staircase to the Slime Pits.
 23658 | Lair:5   | Reached skill level 10 in Shields
 24430 | Lair:6   | Reached XP level 15. HP: 140/148 MP: 4/14
 24489 | Lair:6   | Received a gift from Trog
 25296 | Lair:6   | Found a burning altar of Makhleb.
 25370 | Lair:6   | Reached skill level 18 in Fighting
 25381 | Lair:6   | Found a gateway to Hell.
 26050 | D:10     | Entered Level 10 of the Dungeon
 26179 | D:10     | Found a shimmering blue altar of Sif Muna.
 26731 | D:10     | Found Vuedduw's Jewellery Shoppe.
 26768 | D:10     | Bought the amulet "Urow" {Reflect rElec rN+ Will+ Int+2
                  | SH+5} for 638 gold pieces
 27471 | D:11     | Received a gift from Trog
 30166 | D:14     | Found a shadowy altar of Dithmenos.
 30194 | D:14     | Reached ****** piety under Trog
 30221 | D:14     | Received a gift from Trog
 30604 | D:14     | Found a gate to the Vaults.
 30631 | D:13     | Reached skill level 19 in Fighting
 30755 | D:14     | Reached XP level 16. HP: 110/160 MP: 5/15
 31168 | D:15     | Entered Level 15 of the Dungeon
 31247 | D:15     | Found Xollet's General Store.
 31319 | D:15     | Got a warped jade ring
 31321 | D:15     | Identified the ring "Qiclyb" {rC+ rN+} (You found it on
                  | level 15 of the Dungeon)
 31652 | D:15     | Noticed Azrael
 31831 | D:15     | Killed Azrael
 32283 | D:15     | Received a gift from Trog
 32492 | D:15     | Found a staircase to the Depths.
 34155 | Shoals:1 | Entered Level 1 of the Shoals
 34795 | Shoals:1 | Found Dayq's Antique Armour Boutique.
 34920 | Shoals:1 | Reached skill level 1 in Slings
 35366 | Shoals:1 | Noticed a kraken
 35533 | Shoals:1 | Killed a kraken
 35534 | Shoals:1 | Reached skill level 5 in Evocations
 37606 | Shoals:1 | Reached skill level 20 in Fighting
 38400 | Shoals:2 | Reached skill level 15 in Armour
 38858 | Shoals:2 | Reached skill level 5 in Slings
 39636 | Shoals:2 | Noticed Polyphemus
 40510 | Shoals:3 | Reached XP level 17. HP: 153/170 MP: 16/16
 40562 | Shoals:3 | Found a frozen archway.
 40573 | IceCv    | Entered an ice cave
 41833 | IceCv    | Found the +0 staff of Battle
 42086 | Shoals:3 | Received a gift from Trog
 42901 | Shoals:3 | Hit by a silver javelin thrown by a merfolk javelineer

Illustrated notes

Levels and vault maps discovered:
D:1:      amcnicky_arrival_blooded_trapdoor, layout_basic,
          roderic_serpentine_path, st_stairs_6, minmay_misc_feat_pillars
D:2:      layout_rooms, serial_undead, serial_undead_c, serial_undead_c,
          serial_undead_a, serial_undead_f, minmay_puff, uniq_natasha,
          uniq_jessica
D:3:      lemuel_upstairs_altar, layout_basic, minmay_pentangle
D:4:      layout_loops_ring
D:5:      minmay_octagon_keep, layout_basic, fedhas_altar_3, uniq_ijyb
D:6:      minmay_bubble_buster, layout_basic, minmay_temple_entry_junction,
          serial_aquarium, aquarium_bridge_island_small
          [aquarium_subvault_small_water, aquarium_subvault_wall,
          aquarium_subvault_bridge, aquarium_subvault_bridge,
          aquarium_subvault_window], aquarium_bridge_long_joined
          [aquarium_subvault_window, aquarium_subvault_wall,
          aquarium_subvault_wall, aquarium_subvault_wall,
          aquarium_subvault_bridge, aquarium_subvault_bridge],
          aquarium_window_2, aquarium_window_corner, aquarium_window_1,
          aquarium_window_corridor_1, aquarium_view_2b, aquarium_view_2d,
          aquarium_balcony_1a, basic_altar, portal_sewer_entry_d,
          kennysheep_okawaru_gauntlet, uniq_menkaure, uniq_sigmund
D:7:      kennysheep_seaside_town, layout_rooms, makhleb_blood_cavern_becter,
          uniq_harold
D:8:      layout_basic, uniq_prince_ribbit1, uniq_joseph
D:9:      layout_roguey, david_lair_generic, david_orc_3,
          minmay_misc_feat_rugged, kennysheep_boxes, uniq_maggie
D:10:     layout_basic, basic_altar, serial_shops, nicolae_shop_statue_plus
D:11:     layout_rooms, special_room [special_room_orc]
D:12:     layout_long_grid
D:13:     minmay_sliced_demisemicircle, layout_basic
D:14:     layout_rooms, lightli_vaults_fourway_checkpoint, chequers_arboretum,
          serial_rivers, chequers_serial_rivers_room_a,
          chequers_serial_rivers_micro_c, chequers_serial_rivers_micro_c,
          chequers_serial_rivers_large_a, chequers_serial_rivers_room_a,
          chequers_serial_rivers_large_b, small_chamber_with_monster,
          grunt_dithmenos_shadows
D:15:     grunt_enter_depths_snipers, layout_basic, serial_shops, shop,
          hangedman_decor_push, hangedman_decor_points,
          minmay_misc_feat_columns, serial_bayou_pond_a, hangedman_decor_lopped,
          dispersion_dpeg, uniq_azrael
Lair:1:   layout_cave_shapes, st_stairs_8, minivault_26, uniq_erica
Lair:2:   layout_regular_city, minmay_snake_entry_guardpost_medium,
          gammafunk_ghost_necromancy, basic_altar, st_stairs_13,
          amcnicky_mini_pool_medium, lemuel_fruit_tree
Lair:3:   layout_gridlike, minivault_11, serial_bayou_lake_a
Lair:4:   layout_gridlike, minmay_shoals_entry_beasts, serial_bayou_pond_d,
          amcnicky_altar_gilded, grunt_megastairs_3, serial_bayou_shore_a,
          uniq_rupert
Lair:5:   layout_gridlike
Lair:6:   evil_forest, layout_layer_cave, dpeg_slime_entry_enclosed_altar,
          infiniplex_staircase_pool_2
Shoals:1: cheibrodos_shoals_epimethial_gifts, layout_shoals, serial_shops, shop,
          nicolae_shoals_kraken_intersection
Shoals:2: layout_shoals, uniq_polyphemus
Shoals:3: layout_shoals, portal_ice_cave_entry_pillars_1
Orc:1:    layout_caves
Orc:2:    st_orc_ogre_mass, layout_caves, gauntlet_entry_generic,
          gammafunk_ghost_necromancy

Skill      XL: |  1  2  3  4  5  6  7  8  9 10 11 12 13 14 15 16 |
---------------+-------------------------------------------------+-----
Fighting       | 4 5 6 7 8 10 11 13 15 17 19 20 | 20.5
Long Blades    | 4 5 6 8 9 11 13 14 | 14.3
Armour         | 3 4 5 6 7 8 10 11 12 13 14 15 | 15.3
Dodging        | 3 4 5 6 7 9 10 12 13 | 13.3
Shields        | 1 3 4 5 6 7 9 10 12 | 12.1
Stealth        | 1 2 3 4 |  4.9
Evocations     | 1 3 6 |  6.7
Slings         | 5 |  5.8

Action                   |  1- 3 |  4- 6 |  7- 9 | 10-12 | 13-15 | 16-18 || total
-------------------------+-------+-------+-------+-------+-------+-------++-------
Melee: Falchion          |    49 |   128 |   199 |   158 |       |   661 ||  1195
       Headbutt          |    10 |    32 |    42 |   124 |   334 |   286 ||   828
       Trident           |       |       |     2 |       |     8 |       ||    10
       Scimitar          |       |       |       |   315 |  1118 |   202 ||  1635
 Fire: Hunting sling     |       |       |       |       |       |   152 ||   152
Invok: Berserk           |     2 |     2 |     4 |     6 |     4 |     5 ||    23
       Trog's Hand       |       |       |     1 |     2 |     9 |     6 ||    18
       Brothers in Arms  |       |       |       |       |     4 |     4 ||     8
 Abil: Evoke Flight      |       |       |       |       |     1 |       ||     1
Evoke: Wand              |       |       |       |     2 |     8 |     2 ||    12
  Use: Scroll            |     3 |     8 |     6 |     2 |    13 |     8 ||    40
       Potion            |       |       |     1 |       |       |     5 ||     6
 Stab: Sleeping          |       |       |       |       |     1 |     2 ||     3
       Distracted        |       |       |       |       |     1 |       ||     1
Armor: Animal skin       |     3 |       |       |       |       |       ||     3
       Leather armour    |     6 |    11 |       |       |       |       ||    17
       Scale mail        |       |    18 |    48 |       |       |       ||    66
       Ring mail         |       |       |    30 |   131 |   187 |    47 ||   395
       Chain mail        |       |       |       |       |   136 |   178 ||   314
Dodge: Dodged            |    37 |    65 |   117 |   225 |   573 |   353 ||  1370
Block: Buckler           |       |     8 |    33 |    94 |   368 |   476 ||   979
       Reflection        |       |       |       |       |    16 |    55 ||    71
       Rpst.: Falchion   |     7 |    20 |    27 |    12 |       |    53 ||   119
       Scimitar          |       |       |       |    35 |   131 |    13 ||   179
